 Dungeon Crawl Stone Soup version 0.19-a0-1170-g18f0c96 (webtiles) character file.

33 jacquesderrida the Slasher (level 3, -3/30 HPs)
             Began as a Minotaur Warper on Aug 17, 2016.
             Slain by an orc
             ... wielding a +0 whip
              (5 damage)
             ... on level 3 of the Dungeon.
             The game lasted 00:01:12 (313 turns).

jacquesderrida the Slasher (Minotaur Warper)         Turns: 313, Time: 00:01:13

Health: -3/30      AC:  5    Str: 15    XL:     3   Next: 12%
Magic:  4/4        EV: 12    Int: 10    God:
Gold:   0          SH:  0    Dex: 10    Spells: 1 memorised, 3 levels left

rFire  . . .     SeeInvis .     a - +0 falchion
rCold  . . .     Gourm    .     b - +0 leather armour
rNeg   . . .     Faith    .     (no shield)
rPois  .         Spirit   .     (helmet restricted)
rElec  .         Dismiss  .     k - +1 cloak
rCorr  .         Reflect  .     (no gloves)
MR     .....     Harm     .     (no boots)
Stlth  +.........               (no amulet)
                                (no ring)
                                (no ring)

@: no status effects
A: retaliatory headbutt, horns 2
a: no special abilities


You were on level 3 of the Dungeon.
You were not hungry.

You visited 1 branch of the dungeon, and saw 3 of its levels.

Inventory:

Hand Weapons
 a - a +0 falchion (weapon)
Missiles
 e - 3 tomahawks of dispersal (quivered)
 l - 5 silver tomahawks
Armour
 b - a +0 leather armour (worn)
 k - a +1 cloak (worn)
Scrolls
 d - a scroll of blinking
 g - a scroll of enchant armour {unknown}
 i - a scroll of enchant weapon {unknown}
 j - a scroll of teleportation {unknown}
Potions
 h - a potion of mutation {unknown}
Books
 c - a book of Spatial Translocations

   Spells                             Type                      Level
   a - Apportation                    Translocation                1
   b - Blink                          Translocation                2
   c - Shroud of Golubria             Charms/Translocation         2
   d - Portal Projectile              Translocation                3
   e - Teleport Other                 Translocation                3
   f - Passage of Golubria            Translocation                4
Comestibles
 f - a bread ration


   Skills:
 - Level 2.4 Fighting
 + Level 4.3 Long Blades
 - Level 1.0 Throwing
 - Level 1.2 Armour
 - Level 2.1 Dodging
 - Level 1.3 Spellcasting
 - Level 2.1 Translocations


You had 3 spell levels left.
You knew the following spells:

 Your Spells              Type           Power        Failure   Level  Hunger
a - Apportation           Tloc           #.........   17%         1    ##.....


Dungeon Overview and Level Annotations

Branches:
Dungeon (3/15)

Altars:
Gozag


Innate Abilities, Weirdness & Mutations

You reflexively headbutt those who attack you in melee.
You have a pair of horns on your head.


Message History

The tomahawk of dispersal barely misses the adder.
The tomahawk of dispersal closely misses the orc.
The tomahawk of dispersal hits the worm but does no damage.
The adder closely misses you. The adder bites you.
* * * LOW HITPOINT WARNING * * *
Throwing (i - inventory. (,) - cycle):
e - 4 tomahawks of dispersal (quivered)
Press: ? - help, Shift-Dir - straight line, f/p - adder
Aim: an adder You throw a tomahawk of dispersal.
The tomahawk of dispersal hits the adder.
The adder blinks!
The adder is moderately wounded.
The orc hits you with a whip.
* * * LOW HITPOINT WARNING * * *
A goblin comes into view. It is wielding a club.
The goblin shouts!
The goblin moves out of view.
There is an escape hatch in the floor here.
The orc hits you with a whip.
You die...

#.##..( [......>..
......### ..........
##......### #.....#.<
###.........### ...#....
#.............## .......
........<.†....####....[
........................
..........S.w...........
.......@o...g.######....
..............# ##..>
................. #...
..............##.. #...
................ .. ....
#.....#.....##### # ##..
############# #.


You could see a worm, an adder, an orc and a goblin.

Vanquished Creatures
  An adder (D:2)
  An ooze (D:2)
  A worm (D:2)
  A dart slug (D:2)
  3 bats
  A giant cockroach (D:2)
  A hobgoblin (D:1)
  3 jackals (D:2)
  2 goblins
14 creatures vanquished.

Notes
Turn   | Place    | Note
-------+----------+-------------------------------------------
     0 | D:1      | jacquesderrida the Minotaur Warper began the quest for the Orb.
     0 | D:1      | Reached XP level 1. HP: 18/18 MP: 1/1
    95 | D:2      | Reached skill level 3 in Long Blades
   108 | D:2      | Reached XP level 2. HP: 25/25 MP: 3/3
   172 | D:2      | Reached skill level 4 in Long Blades
   202 | D:2      | Reached XP level 3. HP: 3/30 MP: 4/4
   210 | D:2      | HP: 1/30 [poisoned by an adder]
   257 | D:2      | Found an opulent altar of Gozag.
   307 | D:3      | HP: 1/30 [orc/whip (3)]
   313 | D:3      | Slain by an orc

Vault maps used:
D:1:      minmay_arrival_three_doors
D:2:      nicolae_gozag_cash_rules_everything_around_me
D:3:      grunt_temple_overflow_open, first_bread

Skill      XL: |  1  2 |
---------------+-------+-----
Long Blades    | 3 4 |  4.3
Fighting       | |  2.4
Throwing       | |  1.0
Armour         | |  1.2
Dodging        | |  2.1
Spellcasting   | |  1.3
Translocations | |  2.1

Action                   || total
-------------------------++-------
Melee: Falchion          ||    67
       Headbutt          ||     3
Throw: Tomahawk          ||     2
  Use: Potion            ||     1
Armor: Leather armour    ||    11
Dodge: Dodged            ||    39
